[Event "*** Titled Tuesday Blitz"]
[Site "Chess.com"]
[Date "2021.04.06"]
[Round "11"]
[White "ahmad_alkhatib11"]
[Black "volkanyirik"]
[Result "1/2-1/2"]
[WhiteElo "2285"]
[BlackElo "2409"]
[TimeControl "180+1"]
[EndTime "12:09:29 PDT"]
[Termination "Game drawn by repetition"]

1. Nf3 Nf6 2. d4 g6 3. Bg5 Bg7 4. Nbd2 O-O 5. e4 d6 6. c3 c5 7. Be2 cxd4 8. cxd4 Nc6 9. O-O d5 10. e5 Ne4 11. Be3 Bg4 12. h3 Bxf3 13. Nxf3 e6 14. Nd2 Nxd2 15. Qxd2 Qb6 16. Rac1 Rac8 17. Rfe1 Rc7 18. a3 Rfc8 19. b4 Ne7 20. Rc5 Nf5 21.
Rec1 Bf8 22. Rxc7 Rxc7 23. Rxc7 Qxc7 24. g4 Nxe3 25. Qxe3 Qc2 26. Kg2 Qb2 27. f4 a5 28.
bxa5 Bxa3 29. f5 Qc1 30. Qxc1 Bxc1 31. Kf3 Kf8 32. a6 bxa6 33. Bxa6 gxf5 34. gxf5 Kg7 35. Bd3 exf5 36. Bxf5 h6 37. Bd7 f6 38. e6 Kf8 39. Bc6 Ke7 40. Bxd5 Kd6 41. Ba2 Bb2 42. Ke4 Bc1 43. d5 Ke7 44. Kf5 Be3 45. Kg6 Bg5 46.
Kf5 Kd6 47. Bb3 Bh4 48. Ba2 Bg5 49. Kg4 Ke7 50. h4 Be3 51. Kf5 Bf2 52. h5 Be3 53. Kg6 Bg5 54. Kf5 Kd6 55. Bb3 Bh4 56. Kg6 Bg5 57.
Kf7 f5 58. Bc2 f4 59. Be4 Be7 60. Bf3 Bg5 61. Kg6 Ke7 62. Kf5 Kd6 63. Kg6 Ke7 64.
Kf5 Kd6 65. Ke4 Ke7 66. Ke5 Bf6+ 67. Kxf4 Kd6 68. Kf5 Bg5 69. Kg6 Ke7 70. Bg2 Kd6 71. Bh1 Ke7 72. Bg2 Kd6 73. Bf3 Ke7 74. Kf5 Kd6 75. Be4 Bd2 76. Kg6 Bg5 77. Kf7 Bh4 78.
Bd3 Bg5 79. Bc4 Bh4 80. Ba2 Bg5 81. Bb3 Bh4 82. Ba2 Bg5 83. Kg7 Ke7 84. Kg6 Kd6 85.
Kf5 Bh4 86. Kg4 Bg5 87. Kf3 Bh4 88. Ke4 Bg5 89. Kf5 Bh4 90. Kg6 Bg5 91. Kh7 Ke7 92.
Kg7 Kd6 93. Kf7 Bh4 94. Bb1 Bg5 95. Be4 Bh4 96. Kg6 Bg5 97. Bf3 1/2-1/2

[Event "*** Titled Tuesday Blitz"]
[Site "Chess.com"]
[Date "2021.04.06"]
[Round "11"]
[White "Balla_Tamas"]
[Black "Airquake"]
[Result "0-1"]
[WhiteElo "2555"]
[BlackElo "2666"]
[TimeControl "180+1"]
[EndTime "12:09:35 PDT"]
[Termination "Airquake won on time"]

1. e4 b6 2. d4 Bb7 3. Bd3 g6 4. c4 Bg7 5. Nf3 e6 6. Nc3 Ne7 7. h4 h5 8. Bg5 d5 9. cxd5 exd5 10. e5 Qd7 11. Qd2 c5 12. Nb5 O-O 13. O-O Nbc6 14. Rfe1 Nf5 15. Bxf5 Qxf5 16. Nd6 Qd7 17.
dxc5 d4 18. cxb6 Nxe5 19. Nxe5 Qxd6 20. Bf4 axb6 21. a3 Qd5 22. f3 Rfe8 23. Nd3 Qb3 24. Rad1 Ba6 25. Ne5 d3 26. Re3 Red8 27. Rde1 Bf8 28.
Kh2 Qc2 29. Re4 Rac8 30. Bg5 Qxd2 31. Bxd2 Rc2 32. Bc3 Bc5 33. Rd1 Bb7 34. Rc4 Ba6 35. Ra4 Bb5 36. Ra7 Bd6 37. f4 f6 38. Nxg6 Bb8 39.
Rb7 Bc6 40. Rxb6 Rxg2+ 41. Kh3 Rxg6 42. Rxc6 Bxf4 43. Rf1 Rg3+ 44. Kh2 Rf3+ 45. Kg2 Rxf1 46. Kxf1 d2 47. Bxd2 Rxd2 48. Rxf6 Be5 49. Rf5 Bxb2 50. Rxh5 Bg7 51. Rg5 Ra2 52. Rg3 Ra1+ 53. Kg2 Kh7 54. Kh3 Kh6 55. Rf3 Be5 56. Kg4 Rg1+ 57. Kf5 Bg7 58.
Ke6 Ra1 59. Kd5 Bb2 60. Kc4 Bxa3 61. Rf6+ Kh5 62. Ra6 Rc1+ 63. Kd5 Be7 64. Ra4 Bxh4 65. Re4 Bf6 66. Ke6 Kg6 67. Re2 Rc6+ 68. Kd5 Ra6 69. Rg2+ Bg5 70. Re2 Kf5 71. Rg2 Bf4 72. Rg8 Rd6+ 73.
Kc5 Ke4 74. Re8+ Be5 75. Re7 Rd1 76. Kc6 Rc1+ 77. Kd7 Kd5 78. Ke8 Bd6 79. Re2 Rg1 80. Rd2+ Ke6 81. Re2+ Be5 82. Kf8 Rf1+ 83. Kg8 Rh1 0-1

[Event "*** Titled Tuesday Blitz"]
[Site "Chess.com"]
[Date "2021.04.06"]
[Round "11"]
[White "Mikhal867"]
[Black "Fortitudine"]
[Result "1-0"]
[WhiteElo "2437"]
[BlackElo "2271"]
[TimeControl "180+1"]
[EndTime "12:09:37 PDT"]
[Termination "Mikhal867 won on time"]

1. d4 Nf6 2. c4 c5 3. Nf3 cxd4 4. Nxd4 e5 5. Nb3 d5 6. cxd5 Qxd5 7. Qxd5 Nxd5 8. e4 Nb4 9. Na3 Be7 10. Bb5+ Bd7 11. O-O O-O 12. Be3 a6 13. Bc4 b5 14. Bd5 Nxd5 15.
exd5 b4 16. Nc4 Bb5 17. Rfc1 Bxc4 18. Rxc4 Bd6 19. Bc5 Bxc5 20. Nxc5 a5 21. a3 bxa3 22. Rxa3 Ra7 23. b4 a4 24. Rxa4 Rxa4 25. Nxa4 Nd7 26.
b5 Ra8 27. h3 g6 28. b6 Rb8 29. Rb4 Kf8 30. b7 Ke7 31. Rb5 Kd6 32. Nc3 Kc7 33. Ne4 Rxb7 34. Rxb7+ Kxb7 35. Nd6+ Kb6 36. Nxf7 Kc5 37.
d6 Kd5 38. Kf1 h5 39. Nh8 g5 40. Nf7 g4 41. hxg4 hxg4 42. Nh6 g3 43. f3 Kxd6 44. Nf5+ Ke6 45. Nxg3 Nf6 46. Kf2 Nd5 47. Ne4 Nf4 48.
g3 Ng6 49. Ke3 Kf5 50. Nf2 Ke6 51. Nd3 Ne7 52. Ke4 Nf5 53. g4 Nd6+ 54. Ke3 Kd5 55. Nb4+ Kc4 56. Nc6 Kd5 57. Ne7+ Ke6 58. Ng6 Nc4+ 59.
Ke2 Nd6 60. Nf8+ Kf7 61. Nd7 Ke6 62. Nb6 Nb5 63. Ke3 Nd6 64. Na4 Kd5 65. Nc3+ Ke6 66. Ne4 Nc4+ 67. Kd3 Nb6 68. Kc3 Nd5+ 69. Kc4 Ne3+ 70.
Kd3 Nd5 71. Ng5+ Kf6 72. Nh3 Ke6 73. Ke4 Nf6+ 74. Ke3 Nd5+ 75. Ke4 Nf6+ 76. Ke3 Nd5+ 77. Ke2 Nf6 78. Nf2 Nd5 79. Ne4 Nf4+ 80. Ke3 Nd5+ 81. Kd3 Nf4+ 82. Kc4 Ne2 83. Nc5+ Kd6 84. Nd3 Ke6 85.
Nf2 Nf4 86. Nd3 Nd5 87. Nc5+ Kd6 88. Nb7+ Ke6 89. Nd8+ Kd6 90. Nf7+ Ke6 91. Ng5+ Kd6 92. Kd3 Nf6 93. Ne4+ 1-0

[Event "*** Titled Tuesday Blitz"]
[Site "Chess.com"]
[Date "2021.04.06"]
[Round "11"]
[White "ChessWarrior7197"]
[Black "DenLaz"]
[Result "1-0"]
[WhiteElo "2931"]
[BlackElo "2834"]
[TimeControl "180+1"]
[EndTime "12:09:48 PDT"]
[Termination "ChessWarrior7197 won by resignation"]

1. e4 e5 2. Nf3 Nc6 3. Bc4 Bc5 4. b4 Bxb4 5. c3 Ba5 6. d4 d6 7. Qb3 Qd7 8. O-O Bb6 9. Nbd2 Na5 10. Qc2 Nxc4 11.
Nxc4 Qc6 12. Nxb6 axb6 13. dxe5 dxe5 14. Nxe5 Qa4 15. Qd3 Nf6 16. Qg3 O-O 17. f3 Qa5 18. Bd2 Nh5 19. Qg5 g6 20. Nd3 Qxg5 21. Bxg5 f6 22.
Bh6 Rd8 23. Nf4 Nxf4 24. Bxf4 c6 25. Bc7 Rd2 26. Bxb6 Raxa2 27. Rxa2 Rxa2 28. Rd1 Be6 29. Rd8+ Kf7 30. Rb8 Rb2 31. Bd4 h5 32. h4 Rb5 33.
Rh8 c5 34. Be3 Kg7 35. Rb8 Kf7 36. Kh2 Bd7 37. Kg3 Bc6 38. Rc8 Rb3 39. Rc7+ Kg8 40.
Bxc5 Rxc3 41. Bd4 Rd3 42. Bxf6 Bxe4 43. Kf4 Bf5 44. Kg5 Kf8 45. g4 hxg4 46. fxg4 Be4 47. Kh6 Rf3 48. Be5 Ke8 49. Rc4 Bd3 50. Rc3 b5 51.
Rb3 Kd7 52. Kg7 Ke6 53. Bb2 Rg3 54. Kh6 Kd5 55. Kg5 Kc4 56. Rc3+ Kb4 57. Kf4 Rh3 58. h5 gxh5 59. g5 Bf1 60. Rc7 Rh2 61. Be5 Rf2+ 62. Ke4 Bc4 63. g6 Rg2 64. g7 h4 65. Rc8 h3 66. Rh8 Kb3 67. Rxh3+ Ka4 68. Rh8 b4 69. Ra8+ Kb3 70. Rb8 Rg4+ 71. Kf5 Rg1 72. Kf6 Rf1+ 73. Ke7 Re1 74. Kd6 Rd1+ 75. Kc6 Re1 76. Bd6 Rg1 77.
Rxb4+ Kc3 78. Rb7 Kd4 79. Re7 Bd5+ 80. Kd7 Rb1 81. Re2 Rb7+ 82. Bc7 Kc5 83. Rc2+ Kb5 84. Rb2+ Ka6 85. Rd2 Kb5 86. Rxd5+ Ka6 87. g8=Q Rxc7+ 88. Kxc7 1-0

[Event "*** Titled Tuesday Blitz"]
[Site "Chess.com"]
[Date "2021.04.06"]
[Round "11"]
[White "MITerryble"]
[Black "AlexTriapishko"]
[Result "0-1"]
[WhiteElo "2901"]
[BlackElo "2840"]
[TimeControl "180+1"]
[EndTime "12:09:50 PDT"]
[Termination "AlexTriapishko won on time"]

1. e4 c6 2. Nf3 d5 3. exd5 cxd5 4. Ne5 Nf6 5. d4 g6 6. c3 Bg7 7. Bd3 O-O 8. O-O Nc6 9. Re1 Nxe5 10. dxe5 Nd7 11.
Bf4 Nc5 12. Bc2 Qb6 13. Be3 Qc6 14. Nd2 Rd8 15. h3 b6 16. Nf3 Ne6 17. Qd2 Bb7 18.
Nd4 Qc8 19. Rad1 Nc5 20. Bh6 Bh8 21. e6 Nxe6 22. Nxe6 fxe6 23. Qg5 Bf6 24. Qg3 Kf7 25. Rd2 d4 26. c4 Qc6 27. Bd3 e5 28. Rde2 Qd6 29.
Rxe5 Rac8 30. Bf4 Qd7 31. R5e2 Rc5 32. b3 Rh5 33. Qg4 Rh4 34. Qxd7 Rxd7 35. Bg3 Rh5 36. f3 Bg5 37. Bf2 Bf4 38. Rd1 Re5 39. Rxe5 Bxe5 40.
Re1 Bf6 41. Kf1 e6 42. Be4 Bxe4 43. Rxe4 a6 44. Ke2 e5 45. Kd3 Ke6 46. f4 Kf5 47.
g4+ Ke6 48. fxe5 Bg5 49. Bxd4 Rf7 50. Ke2 b5 51. cxb5 axb5 52. Bc3 Rc7 53. Kd3 Rd7+ 54. Kc2 Rc7 55. Kd3 Rf7 56. Ke2 Rc7 57. Bb4 Rc2+ 58. Kd3 Rxa2 59. Rd4 Kxe5 60. Rd7 h5 61. gxh5 gxh5 62.
Rb7 Kf5 63. Rxb5+ Kg6 64. Bc3 Rh2 65. Rb6+ Kf5 66. Rb5+ Kg6 67. Rb6+ Kf5 68. b4 Rxh3+ 69. Kc4 Rh4+ 70. Kd5 Rh3 71. Bd4 Rd3 72. Kc4 Rd1 73. Rb5+ Kg4 74. Rb8 h4 75. Rg8 Kf5 76. Rf8+ Ke6 77.
Rg8 Be7 78. Rg6+ Kf5 79. Rh6 Bg5 80. Rh7 Rc1+ 81. Kd3 Kg6 82. Rg7+ Kh6 83. Rg8 Rd1+ 84. Ke4 Kh5 85. b5 h3 86. b6 Kg4 87. Rf8 h2 88. Rh8 Bh4 89. Rg8+ Kh3 0-1